 Dungeon Crawl Stone Soup version 0.31-a0-960-g0fca184906 (webtiles) character file.

Game seed: 505797240148809413

232 Arzdou the Chiller (level 5, -2/38 HPs)
             Began as a Demigod Ice Elementalist on Oct 22, 2023.
             Slain by a phantom (6 damage)
             ... on level 4 of the Dungeon.
             The game lasted 00:05:40 (1668 turns).

Arzdou the Chiller (Demigod Ice Elementalist)       Turns: 1668, Time: 00:05:40

Health: -2/38      AC:  2    Str:  9    XL:     5   Next: 45%
Magic:  13/13      EV: 12    Int: 21    God:
Gold:   169        SH:  0    Dex: 14    Spells: 4/11 levels left

rFire   . . .        n - +10 trident "Inimpyz" {drain, rCorr}
rCold   . . .        (no shield)
rNeg    . . .        a - +0 robe
rPois   .            (no helmet)
rElec   .            (no cloak)
rCorr   +            (no gloves)
SInv    .            (no boots)
Will    .....        c - amulet of magic regeneration
Stlth   ++           (no ring)
HPRegen 0.26/turn    (no ring)
MPRegen 0.53/turn

%: no passive effects
@: no status effects
A: high MP 1, forlorn, divine attributes
a: no special abilities


You were on level 4 of the Dungeon.
You visited 1 branch of the dungeon, and saw 4 of its levels.

You collected 169 gold pieces.

Inventory:

Hand Weapons
 n - the +10 trident "Inimpyz" (weapon) {drain, rCorr}
   (You found it on level 4 of the Dungeon)

   rCorr:     It protects you from acid and corrosion.
Armour
 a - a +0 robe (worn)
 h - a +0 leather armour
Jewellery
 c - an amulet of magic regeneration (around neck)
Scrolls
 e - 2 scrolls of identify {unknown}
 g - a scroll of brand weapon {unknown}
 i - a scroll of fog {unknown}
 k - 4 scrolls of blinking {unknown}
Potions
 b - a potion of magic
 d - a potion of cancellation {unknown}
 f - a potion of enlightenment {unknown}
 j - a potion of brilliance {unknown}
 l - a potion of curing {unknown}
 m - a potion of attraction {unknown}


   Skills:
 - Level 2.0 Dodging
 - Level 2.1 Stealth
 + Level 3.8 Spellcasting
 - Level 5.0 Ice Magic


You had 4 spell levels left.
You knew the following spells:

 Your Spells              Type           Power      Damage    Failure   Level
a - Freeze                Ice            100%       1d10      1%          1
b - Frozen Ramparts       Ice            50%        1d8       4%          3
c - Ozocubu's Armour      Ice            25%        N/A       4%          3

Your spell library contained the following spells:

 Spells                   Type           Power      Damage    Failure   Level
 Apportation              Tloc           8%         N/A       12%         1
 Necrotise                Necr           16%        1d4       12%         1
 Summon Small Mammal      Summ           16%        N/A       12%         1
 Summon Ice Beast         Ice/Summ       14%        N/A       41%         4
 Animate Armour           Summ/Erth      8%         N/A       77%         4
 Summon Lightning Spire   Summ/Air       4%         N/A       77%         4
 Vhi's Electric Charge    Tloc/Air       8%         N/A       77%         4
 Arcjolt                  Conj/Air       2%         1d12      98%         5
 Lee's Rapid Deconstruct  Erth           2%         3d4*      98%         5
 Plasma Beam              Fire/Air       2%         2x1d12    100%        6


Dungeon Overview and Level Annotations

Branches:
Dungeon (4/15)
 Temple: D:4-7

Annotations:
D:2 1 runed translucent door, Crazy Yiuf
D:3 Ijyb, Natasha


Innate Abilities, Weirdness & Mutations

You have an increased reservoir of magic. (+10% MP)
You shall have no god before yourself.
Your divine heritage dramatically boosts your attributes as you level up.


Message History

The phantom hits you but does no damage.
A phantom comes into view.
You barely miss the phantom.
The phantom is almost destroyed.
The phantom hits you.
The phantom blinks!
You blink.
Your icy armour cracks and falls away as you move.
The phantom hits you.
You miss the phantom.
The phantom is almost destroyed.
The phantom hits you. The goblin completely misses you.
You hit the phantom.
The phantom is almost destroyed.
The phantom hits you. The phantom barely misses you.
The goblin barely misses you.
Unknown command.
Aiming: Freeze (safe; 1% risk of failure)
Press: ? - help, Q - select action, (/) - cycle Shift-Dir - straight line, f - phantom
Aim: a phantom (almost destroyed)
You freeze the phantom.
The phantom resists.
The phantom is almost destroyed.
The phantom closely misses you. The phantom barely misses you.
The goblin hits you with a +0 club.
Aiming: Freeze (safe; 1% risk of failure)
Press: ? - help, Q - select action, (/) - cycle Shift-Dir - straight line, f/p - phantom
Aim: a phantom (almost destroyed)
You freeze the phantom but do no damage.
The phantom completely resists.
The phantom barely misses you. The phantom hits you.
The goblin barely misses you.
Reach: n) +10 trident "Inimpyz" {drain, rCorr}
Press: ? - help, Dir - move target, f/p - phantom
Aim: a phantom (almost destroyed, about 40% to evade the +10 trident "Inimpyz")
You barely miss the phantom.
The phantom is almost destroyed.
The phantom hits you. The phantom hits you!
* * * LOW HITPOINT WARNING * * *
The goblin hits you but does no damage. The phantom hits you.
* * * LOW HITPOINT WARNING * * *
The goblin barely misses you. The phantom hits you.
You die...

.................#......
.####
............##..###.....
#
....g...#.#.............
.......#####....###...##
.......######..........#
........##.#............
###......)).............
##......†#...........#
##.#....##).g@.....##
###......†..WW....#
####...>..........
#...........#..
##......##..#..
+..#...## .... #####...
.... #.... .... #....


You could see 2 phantoms and a goblin.

Vanquished Creatures
  A scorpion (D:4)
  2 hounds (D:4)
  5 adders
  A worm (D:2)
  3 dart slugs
  2 orcs
  6 endoplasms
  3 giant cockroaches
  9 hobgoblins
  2 jackals (D:4)
  2 ball pythons
  2 bats
  A frilled lizard (D:2)
  7 goblins
  6 kobolds
  4 rats (D:1)
56 creatures vanquished.

Notes
Turn   | Place    | Note
-------+----------+-------------------------------------------
     0 | D:1      | Arzdou the Demigod Ice Elementalist began the quest for the
                  | Orb.
     0 | D:1      | Reached XP level 1. HP: 14/14 MP: 5/5
   273 | D:1      | Reached XP level 2. HP: 20/20 MP: 5/7
   505 | D:2      | Reached skill level 4 in Ice Magic
   551 | D:2      | Reached XP level 3. HP: 25/26 MP: 5/8
   555 | D:2      | Learned a level 3 spell: Frozen Ramparts
  1192 | D:2      | Found a runed translucent door.
  1193 | D:2      | Noticed Crazy Yiuf
  1335 | D:3      | Noticed Natasha
  1362 | D:3      | Noticed Ijyb
  1400 | D:4      | Reached XP level 4. HP: 26/33 MP: 5/10
  1508 | D:4      | Learned a level 3 spell: Ozocubu's Armour
  1512 | D:4      | Reached skill level 5 in Ice Magic
  1512 | D:4      | Reached XP level 5. HP: 33/38 MP: 9/12
  1545 | D:4      | Identified the +10 trident "Inimpyz" {drain, rCorr}
  1668 | D:4      | Slain by a phantom

Illustrated notes

Levels and vault maps discovered:
D:1:      roderic_dead_forest, layout_basic,
          shapermc_ecumenical_altar_mp_highgroup
D:2:      layout_loops_cross, uniq_crazy_yiuf_cottage
D:3:      layout_rooms, serial_forest, infiniplex_forest_lined_2,
          infiniplex_forest_lined_3_way, infiniplex_forest_clump_double,
          infiniplex_forest_straight_3, infiniplex_forest_lined_3,
          infiniplex_forest_zigzag_2, infiniplex_forest_lined_3, uniq_ijyb,
          uniq_sigmund, uniq_natasha
D:4:      layout_cave_pools, nicolae_tso_swordbearing_angel, uniq_robin

Skill      XL: |  1  2  3  4 |
---------------+-------------+-----
Dodging        | 2 |  2.0
Stealth        | 2 |  2.1
Spellcasting   | 2 3 |  3.8
Ice Magic      | 4 5 |  5.0

Action                     |  1- 3 |  4- 6 || total
---------------------------+-------+-------++-------
  Melee: Unarmed           |    25 |       ||    25
         Trident           |       |    22 ||    22
   Cast: Freeze            |    64 |    16 ||    80
         Frozen Ramparts   |     1 |     3 ||     4
         Ozocubu's Armour  |       |     1 ||     1
 Armour: Robe              |    13 |    20 ||    33
         Leather armour    |    31 |     3 ||    34
  Dodge: Dodged            |    45 |    23 ||    68

Table legend: (Time is in decaauts)
 A = Elapsed time spent in this place.
 B = Non-inter-level travel time spent in this place.
 C = Inter-level travel time spent in this place.
 D = Time resting spent in this place.
 E = Time spent auto-exploring this place.
 F = Levels seen in this place.
 G = Mean time per level.
                   A        B        C        D        E       F      G
               +--------+--------+--------+--------+--------+-----+--------+
         Total |   1673 |   1602 |     71 |      0 |   1173 |   4 |  418.2 |
       Dungeon |   1673 |   1602 |     71 |      0 |   1173 |   4 |  418.2 |
               +--------+--------+--------+--------+--------+-----+--------+

Top non-repeatable levels by time:
     D:2: 752 daAuts
     D:1: 479 daAuts
     D:4: 283 daAuts
     D:3: 157 daAuts
